 Dungeon Crawl Stone Soup version 0.31-a0-626-g8143ab4f1d (webtiles) character file.

Game seed: 15585018338290594930

624 thirtiethelement the Shooter (level 7, -3/51 HPs)
             Began as a Demonspawn Shapeshifter on Aug 24, 2023.
             Was an Initiate of Makhleb.
             Slain by a steam dragon (8 damage)
             ... on level 5 of the Dungeon.
             The game lasted 00:15:21 (4165 turns).

thirtiethelement the Shooter (DsSh)                 Turns: 4165, Time: 00:15:22

Health: -3/51      AC: 10    Str: 17    XL:     7   Next: 22%
Magic:  0/7        EV: 13    Int:  9    God:    Makhleb [......]
Gold:   243        SH:  0    Dex: 14    Spells: 6/6 levels left

rFire   . . .        a - +4 mace
rCold   + . .        (no shield)
rNeg    . . .        s - +1 robe {rC+}
rPois   .            (helmet unavailable)
rElec   .            y - +2 cloak
rCorr   .            u - +1 pair of gloves
SInv    +            (no boots)
Will    .....        r - amulet of guardian spirit
Stlth   +            (no ring)
HPRegen 0.28/turn    (no ring)
MPRegen 0.10/turn

%: guardian spirit
@: brilliant, attractive
A: antennae 3, slimy green scales 1, condensation shield
a: Renounce Religion


You were on level 5 of the Dungeon.
You worshipped Makhleb.
Makhleb was noncommittal.
You visited 2 branches of the dungeon, and saw 6 of its levels.

You collected 243 gold pieces.

Inventory:

Hand Weapons
 a - a +4 mace (weapon)
 b - a +0 sling
Missiles
 f - 4 poisoned darts (quivered)
 x - 4 atropa-tipped darts
 C - 3 darts of dispersal
Armour
 s - a +1 robe of cold resistance (worn)
 u - a +1 pair of gloves (worn)
 v - an orb of energy
 y - a +2 cloak (worn)
Jewellery
 r - an amulet of guardian spirit (around neck)
Talismans
 c - a beast talisman
 d - a flux talisman
Scrolls
 i - 4 scrolls of teleportation {unknown}
 j - a scroll of poison {unknown}
 k - 2 scrolls of revelation {unknown}
 l - a scroll of enchant armour {unknown}
 m - a scroll of torment {unknown}
 q - a scroll of identify {unknown}
 t - 2 scrolls of butterflies {unknown}
 B - a scroll of amnesia {unknown}
Potions
 g - a potion of cancellation {unknown}
 h - a potion of brilliance
 n - a potion of curing
 o - a potion of invisibility {unknown}
 p - a potion of enlightenment {unknown}
 w - a potion of berserk rage {unknown}
 z - a potion of ambrosia {unknown}
 A - a potion of resistance {unknown}


   Skills:
 + Level 2.6 Fighting
 + Level 3.0 Maces & Flails
 + Level 4.3 Ranged Weapons
 + Level 3.0 Dodging
 + Level 0.5 Stealth
 + Level 0.6 Shields
 + Level 2.9 Unarmed Combat
 + Level 3.1 Shapeshifting


You had 6 spell levels left.
You didn't know any spells.
Your spell library contained the following spells:

 Spells                   Type           Power      Damage    Failure   Level
 Scorch                   Fire           0%         2d5       52%         2
 Sublimation of Blood     Necr           0%         N/A       52%         2
 Flame Wave               Conj/Fire      0%         2d4       99%         4
 Petrify                  Tmut/Erth      0%         N/A       99%         4
 Irradiate                Conj/Tmut      0%         3d11      100%        5
 Summon Cactus Giant      Summ           0%         N/A       100%        6


Dungeon Overview and Level Annotations

Branches:
Dungeon (5/15)             Temple (1/1) D:5

Altars:
Ashenzari
Cheibriados
Dithmenos
Fedhas
Gozag
Makhleb
Nemelex Xobeh
Qazlal
Ru
Sif Muna
Uskayaw
Vehumet
Wu Jian
Yredelemnul

Shops:
D:4 :

Annotations:
D:5 1 runed translucent door, Plaidstone's ghost, novice MfMo


Innate Abilities, Weirdness & Mutations

You have a pair of large antennae on your head. (SInv)
You are partially covered in slimy green scales. (AC +2)
A meltable shield of frost defends you. (SH +0)


Message History

The steam dragon closely misses you. The steam dragon barely misses you.
The steam dragon attacks as it pursues you!
The steam dragon barely misses you.
The steam dragon claws you but does no damage.
The steam dragon attacks as it pursues you!
The steam dragon bites you but does no damage.
The steam dragon closely misses you. The steam dragon breathes steam at you.
The ball of steam hits you!
It was a potion of brilliance.
You feel clever all of a sudden.
You are engulfed in a cloud of scalding steam.
It was a potion of curing.
You feel better.
You are engulfed in a cloud of scalding steam.
The steam dragon bites you but does no damage.
The steam dragon claws you.
You hit the steam dragon.
The steam dragon is moderately wounded.
The steam dragon misses you. The steam dragon completely misses you.
You sock the hound!
The hound is heavily wounded.
The hound misses you. The steam dragon breathes steam at you.
The ball of steam hits you!
* * * LOW HITPOINT WARNING * * *
The hound misses you.
You hit the hound.
The hound is almost dead.
You are engulfed in a cloud of scalding steam.
* * * LOW HITPOINT WARNING * * *
The hound bites you but does no damage.
The steam dragon bites you but does no damage.
The steam dragon misses you. The hound bites you.
* * * LOW HITPOINT WARNING * * *
It was a potion of attraction.
You feel attractive to monsters.
You are engulfed in a cloud of scalding steam.
The steam dragon looks more healthy.
The hound bites you but does no damage. The steam dragon bites you!
You die...

#..#..####.~W#........# #..D.
...##..####+##†..D....# #..
#............(############...##
..####.###(...(.......§.......##
#......<#.......................
...##..##.##......h{............
...##..........##########.....
#......#..#....##########...
#####.##..#....D@.§§#...#.#######
..# #.##..#....h....#............
#.###.##..#.........#...#........
#.........#.........#.).#........
#########.###.......#............
..........##........###..........
#########....#........)......##..
#........#...........#......##..
##........#......#....#...##.###.


You could see a steam dragon (catching breath) and a hound.

Vanquished Creatures
  2 ogres (D:5)
  A scorpion (D:4)
  An orc priest (D:5)
  2 jellies
  A sleepcap (D:5)
  Jessica (D:3)
  2 iguanas
  An orc wizard (D:5)
  Robin (D:3)
  5 adders
  A shadow imp (D:5)
  A worm (D:2)
  A dart slug (D:3)
  8 orcs
  5 bats
  6 endoplasms
  6 giant cockroaches
  18 goblins
  7 hobgoblins
  9 jackals
  2 quokkas
  9 ball pythons
  3 frilled lizards
  10 kobolds
  6 rats
109 creatures vanquished.

Notes
Turn   | Place    | Note
-------+----------+-------------------------------------------
     0 | D:1      | thirtiethelement the Demonspawn Shapeshifter began the
                  | quest for the Orb.
     0 | D:1      | Reached XP level 1. HP: 15/15 MP: 1/1
    91 | D:1      | Gained mutation: A meltable shield of frost defends you.
                  | (SH +0) [demonic ancestry]
    91 | D:1      | Reached XP level 2. HP: 21/21 MP: 2/2
   565 | D:1      | Reached XP level 3. HP: 26/26 MP: 3/3
   980 | D:2      | Reached skill level 1 in Ranged Weapons
  1171 | D:2      | Reached skill level 1 in Maces & Flails
  1285 | D:2      | Gained mutation: You have a pair of small antennae on your
                  | head. [demonic ancestry]
  1285 | D:2      | Reached XP level 4. HP: 28/32 MP: 4/4
  1417 | D:2      | Reached skill level 2 in Ranged Weapons
  1707 | D:3      | Noticed Jessica
  1717 | D:3      | Killed Jessica
  1875 | D:3      | Gained mutation: You have a pair of antennae on your head.
                  | [demonic ancestry]
  1875 | D:3      | Reached XP level 5. HP: 38/38 MP: 5/5
  2178 | D:3      | Noticed Robin
  2216 | D:3      | Killed Robin
  2502 | D:4      | Reached skill level 3 in Ranged Weapons
  2564 | D:4      | Found an ornate altar of the Wu Jian Council.
  2825 | D:4      | Gained mutation: You are partially covered in slimy green
                  | scales. (AC +2) [demonic ancestry]
  2825 | D:4      | Reached XP level 6. HP: 44/44 MP: 6/6
  2833 | D:4      | Found Zaim's Book Shoppe.
  3292 | D:5      | Entered Level 5 of the Dungeon
  3386 | D:5      | Found a staircase to the Ecumenical Temple.
  3396 | Temple   | Entered the Ecumenical Temple
  3418 | Temple   | Became a worshipper of Makhleb the Destroyer
  3758 | D:5      | Found a runed translucent door.
  3769 | D:5      | Noticed Plaidstone's ghost (novice MfMo)
  3795 | D:5      | Reached skill level 4 in Ranged Weapons
  3795 | D:5      | Gained mutation: You have a pair of large antennae on your
                  | head. (SInv) [demonic ancestry]
  3795 | D:5      | Reached XP level 7. HP: 17/51 MP: 2/7
  4125 | D:5      | Noticed a steam dragon
  4165 | D:5      | Slain by a steam dragon

Illustrated notes

Levels and vault maps discovered:
D:1:      dpeg_arrival_simpleton_a, layout_basic, serial_rivers,
          chequers_serial_rivers_room_a, chequers_serial_rivers_large_a,
          chequers_serial_rivers_micro_d, chequers_serial_rivers_micro_c,
          corexii_corridor_pit, minivault_14
D:2:      layout_basic, hangedman_feature_mirror
D:3:      layout_basic, uniq_robin, uniq_jessica
D:4:      layout_loops_ring, nicolae_overflow_crystal_walls, serial_shops,
          nicolae_shop_tiny_statue_garden
D:5:      layout_basic, minmay_temple_entry_glass,
          ebering_ghost_reflecting_pool, grunt_ministairs_9, minmay_manual_moon
Temple:   nicolae_temple_bog_church

Skill      XL: |  1  2  3  4  5  6  7 |
---------------+----------------------+-----
Dodging        | 2 3 |  3.0
Ranged Weapons | 1 2 3 4 |  4.3
Maces & Flails | 1 2 3 |  3.0
Shapeshifting  | 3 |  3.1
Fighting       | 2 |  2.6
Stealth        | |  0.5
Shields        | |  0.6
Unarmed Combat | |  2.9

Action                     |  1- 3 |  4- 6 |  7- 9 || total
---------------------------+-------+-------+-------++-------
  Melee: Unarmed           |    12 |       |       ||    12
         Mace              |    45 |   115 |    17 ||   177
         Punch             |       |     1 |       ||     1
   Fire: Sling             |    57 |    98 |    14 ||   169
  Throw: Dart              |       |     2 |     4 ||     6
    Use: Potion            |       |     1 |     3 ||     4
 Armour: Animal skin       |    13 |     2 |       ||    15
         Robe              |       |    28 |    14 ||    42
         Skin              |       |    19 |       ||    19
  Dodge: Dodged            |    55 |    87 |    16 ||   158
  Block: Other             |    12 |    28 |     2 ||    42
         Form:             |       |     3 |       ||     3
         Beast             |       |     2 |       ||     2

Table legend: (Time is in decaauts)
 A = Elapsed time spent in this place.
 B = Non-inter-level travel time spent in this place.
 C = Inter-level travel time spent in this place.
 D = Time resting spent in this place.
 E = Time spent auto-exploring this place.
 F = Levels seen in this place.
 G = Mean time per level.
                   A        B        C        D        E       F      G
               +--------+--------+--------+--------+--------+-----+--------+
         Total |   4259 |   4155 |    104 |    537 |   2524 |   6 |  709.8 |
       Dungeon |   4215 |   4111 |    104 |    537 |   2524 |   5 |  843.0 |
        Temple |     44 |     44 |      0 |      0 |      0 |   1 |   44.0 |
               +--------+--------+--------+--------+--------+-----+--------+

Top non-repeatable levels by time:
     D:1: 983 daAuts
     D:5: 847 daAuts
     D:3: 842 daAuts
     D:4: 831 daAuts
     D:2: 711 daAuts
  Temple: 44 daAuts
